 Dungeon Crawl Stone Soup version 0.30-a0-824-g6c64550be9 (webtiles) character file.

Game seed: 5977893569775674075

192031 arthad the Convoker (level 17, -8/77 HPs)
             Began as a Felid Summoner on Feb 26, 2023.
             Was an Initiate of Gozag.
             Killed from afar by an ironbound frostheart (28 damage)
             ... by creeping frost
             ... on level 2 of the Vaults on Feb 27, 2023.
             The game lasted 03:51:32 (53135 turns).

arthad the Convoker (Felid Summoner)               Turns: 53135, Time: 03:51:32

Health: -8/77      AC: 18    Str:  4    XL:     17   Next: 25%
Magic:  43/43      EV: 35    Int: 35    God:    Gozag
Gold:   4292       SH:  0    Dex: 17    Spells: 1/40 levels left
                                        Lives:  0   Deaths: 4

rFire   . . .      SeeInvis +      - Unarmed
rCold   . . .      Faith    .    (shield unavailable)
rNeg    . . .      Spirit   .    (body armour unavailable)
rPois   ∞          Reflect  .    (helmet unavailable)
rElec   +          Harm     .    (cloak unavailable)
rCorr   .          Rampage  .    (gloves unavailable)
Will    ++...                    (boots unavailable)
Stlth   ++                       t - amulet of magic regeneration
HPRegen 0.32/turn                g - ring "Fuddan" {MP+9 Int+6}
MPRegen 0.68/turn                h - ring "Mifel" {Wiz Contam Int+5}

@: storm-form, frozen, blinkbolt cooldown, flying, very slow
A: cleaving, insubstantial, flying, very small, (claws 1), (fangs 3), see
invisible, (speed 1), (shaggy fur 3), (stealthy paws), no weapons or thrown
items, no armour, multi-lived
}: 2/15 runes: decaying, gossamer
a: Blinkbolt, End Transformation, Renounce Religion, Potion Petition, Call
Merchant, Bribe Branch


You were on level 2 of the Vaults.
You worshipped Gozag.
Gozag was most pleased with you.
You were a lightning-filled tempest!
You visited 7 branches of the dungeon, and saw 33 of its levels.
You visited 1 bazaar.
You also visited: Trove, Ossuary, Bailey and Gauntlet.

You collected 15533 gold pieces.
You spent 3709 gold pieces at shops.
You paid 7532 gold pieces to Gozag.

Inventory:

Jewellery
 d - a ring of flight
 g - the ring "Fuddan" (left paw) {MP+9 Int+6}
   (You bought it in a shop on level 2 of the Lair of Beasts)

   [ring of magical power]

   Int:       It affects your intelligence (+6).
   MP:        It affects your magic capacity (+9).
 h - the ring "Mifel" (right paw) {Wiz Contam Int+5}
   (You bought it in a shop on level 1 of the Vaults)

   [ring of wizardry]

   It improves your spell success rate.
   Int:       It affects your intelligence (+5).
   Contam:    It causes magical contamination when unequipped.
 j - a ring of protection from cold
 t - an amulet of magic regeneration (around neck)
 y - a +4 ring of protection
 G - an amulet of regeneration
 I - a ring of fire
 K - the amulet of Creativity {Acrobat rC+ Int+5}
   (You found it in a treasure trove)

   [amulet of the acrobat]

   It increases your evasion while moving and waiting.
   Int:       It affects your intelligence (+5).
   rC:        It protects you from cold.
 O - a ring of magical power
 Y - a ring of wizardry
Wands
 c - a wand of paralysis (12)
 s - a wand of light (5)
 D - a wand of roots (24)
 J - a wand of polymorph (18)
 L - a wand of flame (45)
 S - a wand of digging (28)
 X - a wand of mindburst (13)
Scrolls
 b - 4 scrolls of fear
 f - 18 scrolls of teleportation
 i - 3 scrolls of summoning
 k - 6 scrolls of blinking
 m - 7 scrolls of vulnerability
 o - 3 scrolls of silence
 u - 5 scrolls of magic mapping
 w - 6 scrolls of immolation
 N - 10 scrolls of poison
 R - 8 scrolls of identify
 U - 5 scrolls of fog
Potions
 a - 4 potions of magic
 e - 15 potions of curing
 l - a potion of invisibility
 n - 10 potions of mutation
 p - 6 potions of attraction
 q - 5 potions of haste
 r - 4 potions of heal wounds
 v - 5 potions of resistance
 z - 4 potions of lignification
 A - a potion of cancellation
 H - 6 potions of brilliance
 M - 4 potions of might
 P - 3 potions of flight
 W - 5 potions of ambrosia
Miscellaneous
 V - a tin of tremorstones (2/2)
 Z - a piece from Xom's chessboard (15/15)


   Skills:
 + Level 10.5 Fighting
 + Level 14.0 Dodging
 - Level 2.6 Stealth
 + Level 10.4 Unarmed Combat
 * Level 12.4 Spellcasting
 - Level 5.0 Hexes
 - Level 16.0 Summonings
 - Level 5.1 Necromancy
 - Level 15.0 Translocations
 * Level 13.9 Transmutations
 * Level 14.4 Air Magic
 - Level 6.0 Evocations


You had one spell level left.
You knew the following spells:

 Your Spells              Type           Power      Damage    Failure   Level
a - Summon Lightning Spi  Summ/Air       91%        N/A       1%          4
b - Summon Forest         Summ/Tloc      46%        N/A       1%          5
c - Call Canine Familiar  Summ           93%        N/A       0%          3
d - Summon Guardian Gole  Hex/Summ       76%        N/A       1%          3
e - Blink                 Tloc           100%       N/A       0%          2
f - Manifold Assault      Tloc           91%        N/A       1%          4
g - Summon Cactus Giant   Summ           46%        N/A       1%          6
h - Summon Mana Viper     Hex/Summ       76%        N/A       1%          5
i - Storm Form            Tmut/Air       44%        N/A       1%          7

Your spell library contained the following spells:

 Spells                   Type           Power      Damage    Failure   Level
 Apportation              Tloc           100%       N/A       0%          1
 Beastly Appendage        Tmut           100%       N/A       0%          1
 Summon Small Mammal      Summ           100%       N/A       0%          1
 Foxfire                  Conj/Fire      84%        2x1d8     1%          1
 Magic Dart               Conj           84%        1d7       1%          1
 Necrotise                Necr           100%       1d9       1%          1
 Shock                    Conj/Air       100%       1d9       1%          1
 Call Imp                 Summ           93%        N/A       0%          2
 Lesser Beckoning         Tloc           100%       N/A       0%          2
 Wereblood                Tmut           87%        N/A       0%          2
 Gell's Gravitas          Tloc           91%        N/A       0%          3
 Swiftness                Air            89%        N/A       0%          3
 Teleport Other           Tloc           91%        N/A       0%          3
 Vhi's Electric Charge    Tloc/Air       100%       N/A       0%          3
 Cigotuvi's Dreadful Rot  Necr/Pois/Air  100%       N/A       1%          2
 Momentum Strike          Conj/Tloc      100%       3d10      1%          2
 Poisonous Vapours        Pois/Air       100%       N/A       1%          2
 Searing Ray              Conj           42%        2d6       1%          2
 Static Discharge         Conj/Air       100%       2-7/arc   1%          2
 Sublimation of Blood     Necr           55%        N/A       1%          2
 Ignite Poison            Fire/Tmut/Pois 52%        N/A       1%          3
 Inner Flame              Hex/Fire       39%        N/A       1%          3
 Kindle Blastsparks       Fire/Tloc/Air  100%       2d18      1%          3
 Mephitic Cloud           Conj/Pois/Air  53%        N/A       1%          3
 Spider Form              Tmut/Pois      63%        N/A       1%          3
 Airstrike                Air            44%        2d(7-23)  1%          4
 Ice Form                 Ice/Tmut       63%        N/A       1%          4
 Iskenderun's Mystic Bla  Conj/Tloc      65%        2d13      1%          4
 Petrify                  Tmut/Erth      63%        N/A       1%          4
 Summon Ice Beast         Ice/Summ       67%        N/A       1%          4
 Alistair's Intoxication  Tmut/Pois      42%        N/A       1%          5
 Arcjolt                  Conj/Air       32%        1d42      1%          5
 Irradiate                Conj/Tmut      31%        3d22      1%          5
 Lightning Bolt           Conj/Air       32%        1d49      1%          5
 Monstrous Menagerie      Summ           46%        N/A       1%          7
 Summon Hydra             Summ           46%        N/A       1%          7
 Frozen Ramparts          Ice            42%        1d7       2%          3
 Ozocubu's Armour         Ice            21%        N/A       2%          3
 Stone Arrow              Conj/Erth      42%        3d9       2%          3
 Fulminant Prism          Conj/Hex       19%        3d10      2%          4
 Freezing Cloud           Conj/Ice/Air   26%        6-21      3%          5
 Conjure Ball Lightning   Conj/Air       32%        3x3d10    6%          6
 Eringya's Noxious Bog    Tmut/Pois      31%        N/A       7%          6
 Flame Wave               Conj/Fire      21%        2d8       8%          4
 Sticky Flame             Conj/Fire      21%        2d4       8%          4
 Borgnjor's Vile Clutch   Necr/Erth      19%        N/A       8%          5
 Metabolic Englaciation   Hex/Ice        19%        N/A       8%          5
 Haunt                    Necr/Summ      38%        N/A       9%          7
 Disjunction              Tloc           45%        N/A       11%         8
 Fireball                 Conj/Fire      10%        3d6       21%         5
 Lee's Rapid Deconstruct  Erth           10%        3d8*      21%         5
 Spellforged Servitor     Conj/Summ      33%        N/A       24%         7
 Dragon's Call            Summ           46%        N/A       69%         9
 Starburst                Conj/Fire      10%        6d5       71%         6
 Ozocubu's Refrigeration  Ice            10%        4d9       99%         7
 Discord                  Hex            27%        N/A       99%         8
 Infestation              Necr           27%        N/A       99%         8
 Ignition                 Fire           10%        3d5       100%        8
 Lehudib's Crystal Spear  Conj/Erth      10%        10d4      100%        8
 Chain Lightning          Conj/Air       32%        3d42      100%        9
 Animate Armour           Summ/Erth      Unusable   N/A       N/A         4
 Animate Dead             Necr           Unusable   N/A       N/A         4

Dungeon Overview and Level Annotations

Branches:
Dungeon (15/15)            Temple (1/1) D:7            Lair (5/5) D:10
  Swamp (4/4) Lair:2       Spider (4/4) Lair:2        Slime (0/5) Lair:4
    Orc (2/2) D:10            Elf (0/3) Orc:2        Vaults (2/5) D:13
  Crypt (0/3) Vaults:2     Depths (0/4) D:15        Ossuary (visited)
 Bailey (visited)         Gauntlet (visited)

Altars:
Ashenzari
Cheibriados
Dithmenos
Elyvilon
Fedhas
Gozag
Hepliaklqana
Kikubaaqudgha
Makhleb
Nemelex Xobeh
Okawaru
Qazlal
Ru
Sif Muna
Trog
Uskayaw
Vehumet
Wu Jian
Xom
Yredelemnul
Zin
The Shining One
Jiyva

Shops:
D:1 ?   D:5 *   D:11 (   Orc:1 **(((   Orc:2 (**   Lair:1 :::   Lair:2 =:
Swamp:1 :   Vaults:1 ==

Annotations:
D:13 3 runed translucent doors, groundbeetle's ghost, journeyman DsEE
Lair:1 2 transporters, Vohupaw's ghost, journeyman DrAE
Spider:1 3 runed translucent doors, KennySheep's ghost, adept AtBr
Vaults:1 3 runed translucent doors, 2 transporters, Qecvurom's ghost, adept DrRe; Yhaurph's ghost, adept MiFi; Zeolishe's ghost, adept TeAE


Innate Abilities, Weirdness & Mutations

You are a lightning-filled tempest!
Your electrical attacks strike out in all directions at once.
You are incredibly evasive.
Your insubstantial body is immune to petrification, constriction, and being set on fire You are flying.
You are immune to poison.
((You have sharp claws.))
((You have razor-sharp teeth.))
You have supernaturally acute eyesight. (SInv)
((You cover ground quickly. (Speed+)))
((Your thick and shaggy fur keeps you warm. (AC +3, rC+)))
((Your paws help you pounce on unaware monsters.))
You are incapable of wielding weapons or throwing items.
You cannot wear armour.
You gain extra lives every three experience levels.


Message History

There is an open door here.
The ice encasing you melts away.
There is an open door, spattered with blood here.
You see here a +2 arbalest of freezing.
Something hits your lightning spire!!
Things that are here:
a +0 great mace; a +0 leather armour
There is an open door here.
You start resting.
An ironbound frostheart is nearby!
What are your orders? t - Bellow!
Orders for allies: a - Attack new target. r - Retreat! s - Stop attacking. g - Guard the area. f - Follow me.
Anything else - Cancel.
Gang up on whom?
Press: ? - help, Dir - move target, f - ironbound frostheart
Aim: an ironbound frostheart, wearing a +0 scale mail (lightly wounded) Attack!
Your cactus giant hits the ironbound frostheart with a +0 giant spiked club!
The ironbound frostheart is struck by your cactus giant's spines.
The ironbound frostheart touches your cactus giant!
The ironbound frostheart freezes your cactus giant!!
Your cactus giant is destroyed!
Your cactus giant disappears in a puff of smoke!
The ironbound frostheart calls freezing cold from the walls.
The frost grips you!!
* * * LOW HITPOINT WARNING * * *
You are encased in ice.
Aiming: Blinkbolt
Press: ? - help, Dir - move target, f/p - ironbound frostheart
Aim: an ironbound frostheart, wearing a +0 scale mail (severely wounded, 93% to hit)
The shock of your passage hits the ironbound frostheart but does no damage.
The ironbound frostheart is severely wounded.
You blink.
The ironbound frostheart calls freezing cold from the walls.
The frost grips you!!
You die...
Your body crumbles into a pile of gold.

##############################
#.............................
#...........pv..§.............
#..########'#############.....
#..# #..#..#..#..#,,#.....
#..# #.)#..#..#p.*,,#.....
#..# ###)##'##p#*+###.....
#..# #..#..#.C#$$#..#.....
#..# #..#..#(.#,$#..#.....
#..# ###'##8##+**+###.....
#..# #..#))#..#,,*,,+.....


You could see an ironbound frostheart.

Vanquished Creatures
  A tentacled monstrosity (Swamp:2)
  7 emperor scorpions
  2 ghost moths (Spider:4)
  A broodmother (Spider:3)
  2 ironbound thunderhulks
  2 ironbound preservers
  2 eleionomae
  A dire elephant (Vaults:2)
  2 spark wasps
  2 eidola (Vaults:2)
  An entropy weaver (Spider:1)
  A shambling mangrove (Swamp:1)
  A yaktaur captain (Vaults:1)
  2 great orbs of eyes
  2 hydras (Swamp:1)
  A radroach (Spider:4)
  3 vault guards (Vaults:1)
  A ghost crab (Swamp:3)
  4 alligators
  A vampire mage (Vaults:2)
  A deep elf knight (D:13)
  A spriggan (Swamp:1)
  A goliath frog (Swamp:2)
  2 spriggan druids
  2 pharaoh ants (Spider:4)
  A flayed ghost (Vaults:2)
  2 steelbarb worms (Spider:3)
  A wizard (Vaults:1)
  A bog body (Swamp:1)
  2 swamp dragons
  5 ironbound convokers
  7 wolf spiders
  2 orc knights (Orc:2)
  An ugly thing (Vaults:1)
  4 moths of wrath
  2 vault sentinels (Vaults:1)
  5 demonic crawlers
  4 spectral spriggans (Swamp:3)
  2 torpor snails
  A freezing wraith (Swamp:3)
  A yaktaur (Vaults:2)
  2 hornets (Swamp:1)
  A tyrant leech (Swamp:1)
  11 tarantellas
  2 blink frogs (Lair:5)
  16 jumping spiders
  8 culicivoras
  2 slime creatures
  A fire elemental (Spider:2)
  A fire bat (Orc:1)
  18 redbacks
  11 swamp worms
  A water moccasin (Lair:5)
  A nameless horror (Ossuary)
  4 swamp drakes
  3 orc warriors (Orc:2)
  A bullfrog (Lair:1)
  A howler monkey (D:10)
  7 electric eels
  2 orc priests
  An iguana (D:5)
  2 orc wizards
  4 mummies (Ossuary)
  An adder (Lair:1)
  6 orcs
  2 giant cockroaches
  A goblin (D:1)
  2 kobolds
  A quokka zombie (Ossuary)
200 creatures vanquished.

Vanquished Creatures (collateral kills)
  the Lernaean hydra (Swamp:4)
  Saint Roka (Vaults:1)
  Arachne (Spider:2)
  Jorgrun (Swamp:1)
  A tentacled monstrosity (Swamp:2)
  Gastronok (D:8)
  Agnes (D:15)
  A sphinx (Vaults:2)
  Frances (Spider:2)
  Kirke (Lair:5)
  A fenstrider witch (Swamp:1)
  The ghost of cforsyth the Unseen, an adept KoBr of Hepliaklqana (Spider:4)
  2 vault wardens
  A ghost moth (Spider:4)
  2 emperor scorpions
  2 orc warlords
  4 ghouls
  2 broodmothers
  2 ironbound preservers
  A war gargoyle (Vaults:1)
  A stone giant (Vaults:2)
  3 ironbound thunderhulks (Vaults:1)
  Azrael (Spider:2)
  5 bunyips
  3 dire elephants (Vaults:2)
  Nessos (D:13)
  A minotaur (Gauntlet)
  3 spark wasps
  2 yaktaur captains
  An entropy weaver (Vaults:1)
  Fannar (Orc:1)
  A great orb of eyes (D:15)
  A vault guard (Vaults:1)
  15 hydras
  A peacekeeper (Vaults:1)
  Erica (Lair:2)
  2 ironbound frosthearts
  A catoblepas (Lair:4)
  A jorogumo (Spider:3)
  A radroach (Spider:2)
  4 centaur warriors
  4 boulder beetles
  4 alligators
  5 two-headed ogres
  A tengu warrior (D:15)
  15 death yaks
  3 orc high priests (Orc:2)
  A skyshark (Lair:3)
  Sonja (D:13)
  Amaemon (Lair:2)
  3 pharaoh ants
  A sun moth (Spider:1)
  5 goliath frogs
  7 orb spiders
  A wizard (Vaults:2)
  7 bog bodies
  3 spriggan druids
  5 lindwurms
  7 swamp dragons (Swamp:4)
  2 steelbarb worms (Spider:4)
  An ironbound convoker (Vaults:2)
  3 deep elf pyromancers
  3 orc knights
  11 wolf spiders
  An oklob plant (Lair:2)
  A shining eye (shapeshifter) (D:15)
  5 orc sorcerers
  2 will-o-the-wisps
  A moth of wrath (Spider:4)
  2 cyclopes (D:14)
  8 ugly things
  17 slime creatures
  3 spectral spriggans (Swamp:3)
  12 cane toads
  2 black mambas (Lair:2)
  2 vault sentinels (Vaults:1)
  7 demonic crawlers
  3 torpor snails
  3 rime drakes
  Maggie (D:8)
  3 komodo dragons
  A freezing wraith (Swamp:3)
  4 yaktaurs
  3 kobold demonologists
  An efreet (D:13)
  2 meliai (D:13)
  2 polar bears (Lair:3)
  8 tyrant leeches
  5 trolls
  25 blink frogs
  Grinder (D:5)
  5 hornets
  9 tarantellas
  19 jumping spiders
  10 culicivoras
  A centaur simulacrum (Gauntlet)
  A vampire (D:9)
  5 spriggans
  A wyvern (D:9)
  27 yaks
  14 humans (D:13)
  2 fire bats (Orc:1)
  A golden eye (shapeshifter) (D:15)
  24 redbacks
  8 vampire mosquitoes
  10 swamp worms
  4 wargs
  4 hell hounds
  An acid dragon (D:14)
  9 water moccasins
  9 swamp drakes
  39 orc warriors
  5 ogres
  5 boggarts (Vaults:2)
  8 wolves
  19 centaurs
  2 phantoms (D:4)
  2 lemures (D:8)
  3 kobold brigands
  8 bullfrogs
  A necrophage (Swamp:1)
  3 gnoll sergeants (D:9)
  2 scorpions
  7 wights
  A hornet simulacrum (Gauntlet)
  5 killer bees
  A nameless horror (Lair:4)
  5 electric eels
  3 howler monkeys
  A centaur zombie (Ossuary)
  A jelly (D:5)
  4 lava snakes (Lair:5)
  A hound (D:4)
  17 orc priests
  A human zombie (Ossuary)
  2 iguanas (D:4)
  14 orc wizards
  6 hell rats (Lair:5)
  4 ogre zombies (Ossuary)
  A boggart simulacrum (D:15)
  4 mummies
  13 gnolls
  11 adders
  A shadow imp (D:6)
  3 adder zombies (Ossuary)
  3 worms
  4 dart slugs
  106 orcs
  2 ball pythons (D:1)
  5 endoplasms
  4 giant cockroaches
  5 goblins
  10 hobgoblins
  3 jackals
  3 bats
  5 frilled lizards
  2 goblin zombies (Ossuary)
  5 hobgoblin zombies (Ossuary)
  8 kobolds
  8 kobold zombies (Ossuary)
  3 quokka zombies (Ossuary)
  4 rats
  2 rat zombies (Ossuary)
846 creatures vanquished.

Vanquished Creatures (others)
  Louise (Spider:3)
  A ghoul (Swamp:3)
  2 very ugly things (D:15)
  A bunyip (Swamp:1)
  Snorg (D:13)
  A vault guard (Vaults:2)
  Harold (D:11)
  A hell beast (Gauntlet)
  5 hydras
  3 boulder beetles
  A centaur warrior (D:13)
  An alligator (Swamp:3)
  A jorogumo (Spider:3)
  2 death yaks
  Urug (D:11)
  3 spriggans
  A pharaoh ant (Spider:1)
  An orb spider (Spider:1)
  A sun moth (Spider:3)
  3 swamp dragons (Swamp:4)
  A lindwurm (Vaults:1)
  A wizard (D:15)
  Pikel (D:8)
  3 orc knights
  2 manticores
  2 ugly things
  An oklob plant (Lair:2)
  A wolf spider (Spider:1)
  An orange demon (Lair:2)
  A black mamba (Lair:1)
  A black mamba (shapeshifter) (D:13)
  2 cane toads
  A demonic crawler (Spider:4)
  2 trolls
  4 bloated husks
  A meliai (D:13)
  A tyrant leech (Swamp:3)
  A tarantella (Spider:2)
  A tarantella (shapeshifter) (D:15)
  2 hornets
  A jumping spider (Spider:1)
  2 culicivoras
  A shadow (D:10)
  3 slime creatures
  A wraith (D:14)
  17 yaks
  A centaur simulacrum (Gauntlet)
  2 humans (D:13)
  A vampire mosquito (D:11)
  3 redbacks
  An acid dragon (D:14)
  5 orc warriors
  A black bear (D:7)
  2 swamp drakes (Swamp:4)
  An ogre (Orc:1)
  3 centaurs
  A bullfrog (Lair:2)
  8 wights
  2 killer bees (D:11)
  An electric eel (D:9)
  An orc priest (Orc:2)
  An iguana (D:4)
  3 orc wizards
  2 gnolls (D:9)
  A worm (D:4)
  7 orcs
  A goblin (D:4)
  A bush (Lair:5)
  23 demonic plants (Gauntlet)
  13 foxfires
  36 fungi
  143 plants
  10 snaplasher vines
  2 withered plants (Spider:4)
363 creatures vanquished.

Grand Total: 1409 creatures vanquished

Notes
Turn   | Place    | Note
-------+----------+-------------------------------------------
     0 | D:1      | arthad the Felid Summoner began the quest for the Orb.
     0 | D:1      | Reached XP level 1. HP: 7/7 MP: 4/4
   176 | D:1      | Found Qarut's Magic Scroll Shop.
   277 | D:1      | Reached XP level 2. HP: 11/11 MP: 4/6
   433 | D:1      | Learned a level 2 spell: Call Imp
   947 | D:2      | Reached skill level 5 in Summonings
   947 | D:2      | Reached XP level 3. HP: 14/14 MP: 3/7
   956 | D:2      | Learned a level 3 spell: Call Canine Familiar
  1293 | D:2      | Reached skill level 1 in Hexes
  1879 | D:3      | Found a hide-covered altar of Uskayaw.
  2084 | D:3      | Reached XP level 4. HP: 18/18 MP: 0/8
  2293 | D:3      | Found a broken altar of Ashenzari.
  3065 | D:4      | Reached XP level 5. HP: 21/21 MP: 1/10
  3069 | D:4      | Learned a level 3 spell: Summon Guardian Golem
  3231 | D:4      | Found an opulent altar of Gozag.
  3248 | D:4      | Became a worshipper of Gozag Ym Sagoz the Greedy
  3250 | D:4      | Found a glowing silver altar of Zin.
  3629 | D:4      | Noticed a phantom
  3673 | D:4      | Killed a phantom
  3674 | D:4      | Reached skill level 1 in Air Magic
  3674 | D:4      | Gained mutation: You are covered in thick fur. (AC +2)
                  | [Felid growth]
  3674 | D:4      | Reached XP level 6. HP: 24/24 MP: 0/11
  4220 | D:4      | Reached skill level 6 in Summonings
  4443 | D:5      | Entered Level 5 of the Dungeon
  4510 | D:5      | Noticed Grinder
  4532 | D:5      | Killed Grinder
  4533 | D:5      | Reached skill level 5 in Hexes
  4533 | D:5      | Reached XP level 7. HP: 27/27 MP: 6/13
  4538 | D:5      | Learned a level 4 spell: Summon Lightning Spire
  4582 | D:5      | Noticed a hornet
  4591 | D:5      | Killed a hornet
  4674 | D:5      | Found a sand-covered staircase.
  4691 | Ossuary  | Entered an ossuary
  4875 | Ossuary  | Noticed a nameless horror
  4892 | Ossuary  | Killed a nameless horror
  5072 | Ossuary  | Reached skill level 7 in Summonings
  5093 | Ossuary  | Reached XP level 8. HP: 21/31 MP: 6/15
  6028 | D:5      | Found Naadd's Serpentskin Sales.
  6188 | D:5      | Reached skill level 5 in Spellcasting
  6377 | D:5      | Found a stormy altar of Qazlal.
  6542 | D:6      | Identified the +8 chain mail of the Trombone {rC+++ Regen+
                  | Dex-2}
  6616 | D:6      | Found a bloodstained altar of Trog.
  6618 | D:6      | Found an opulent altar of Gozag.
  6618 | D:6      | Found a shimmering altar of Xom.
  6620 | D:6      | Found a burning altar of Makhleb.
  6620 | D:6      | Found an iron altar of Okawaru.
  6620 | D:6      | Found a blossoming altar of Fedhas.
  6823 | D:6      | Found a glowing golden altar of the Shining One.
  6910 | D:6      | Found an ancient bone altar of Kikubaaqudgha.
  7178 | D:6      | Reached skill level 1 in Unarmed Combat
  7401 | D:7      | Found a staircase to the Ecumenical Temple.
  7682 | D:7      | Reached skill level 1 in Fighting
  7767 | D:7      | Found a snail-covered altar of Cheibriados.
  8315 | D:8      | Reached XP level 9. HP: 36/36 MP: 14/18
  8373 | D:8      | Found a flagged portal.
  8386 | D:8      | Noticed Pikel
  8398 | D:8      | Killed Pikel
  8399 | D:8      | Reached skill level 8 in Summonings
  8399 | D:8      | Reached skill level 5 in Air Magic
  8449 | Bailey   | Entered a bailey
  9259 | Bailey   | Reached skill level 5 in Dodging
  9501 | Bailey   | Reached XP level 10. HP: 42/42 MP: 11/21
  9897 | Bailey   | Reached skill level 9 in Summonings
 10438 | D:8      | Noticed Gastronok
 10444 | D:8      | Noticed Maggie
 10461 | D:8      | Killed Maggie
 10471 | D:8      | Killed Gastronok
 10645 | D:8      | Found a white marble altar of Elyvilon.
 10701 | D:8      | Found a basalt altar of Yredelemnul.
 11586 | D:9      | Reached skill level 1 in Necromancy
 11591 | D:9      | Killed from afar by an electric eel
 11592 | D:9      | Reached XP level 9. HP: -2/39 MP: 22/30
 11861 | D:9      | Reached XP level 10. HP: 43/43 MP: 22/22
 12209 | D:9      | Found an ornate altar of the Wu Jian Council.
 12209 | D:9      | Found a shimmering blue altar of Sif Muna.
 13001 | D:10     | Entered Level 10 of the Dungeon
 13094 | D:10     | Found a staircase to the Orcish Mines.
 13262 | D:10     | Found a staircase to the Lair.
 13308 | D:10     | Found a sparkling altar of Nemelex Xobeh.
 14108 | D:11     | Noticed Harold
 14116 | D:11     | Killed Harold
 14117 | D:11     | Reached skill level 10 in Summonings
 14129 | D:11     | Noticed an orange demon
 14491 | D:11     | Noticed a boulder beetle
 14511 | D:11     | Killed a boulder beetle
 14715 | D:11     | Found a portal to a secret trove of treasure.
 14747 | D:11     | Reached XP level 11. HP: 46/46 MP: 24/24
 14923 | D:11     | Found Omnasohy's Weapon Emporium.
 14923 | D:11     | Noticed Urug
 14937 | D:11     | Killed Urug
 14938 | D:11     | Reached skill level 5 in Unarmed Combat
 15277 | D:11     | Reached skill level 5 in Fighting
 15388 | D:12     | Identified a scroll of acquirement
 15597 | D:1      | Bought a scroll of acquirement for 624 gold pieces
 15597 | D:1      | Bought a scroll of teleportation for 36 gold pieces
 15597 | D:1      | Bought a scroll of magic mapping for 90 gold pieces
 15716 | Temple   | Entered the Ecumenical Temple
 15857 | D:12     | Noticed a boulder beetle
 15872 | D:12     | Killed a boulder beetle
 15995 | D:12     | Noticed a two-headed ogre
 16007 | D:12     | Killed a two-headed ogre
 16202 | D:12     | Noticed a sun demon
 16736 | D:12     | Noticed a boulder beetle
 16748 | D:12     | Killed a boulder beetle
 16809 | D:13     | Noticed a two-headed ogre
 16809 | D:13     | Noticed a green ugly thing
 16809 | D:13     | Noticed Nessos
 16809 | D:13     | Noticed an orc knight
 16809 | D:13     | Noticed a centaur warrior
 16809 | D:13     | Found a gate to the Vaults.
 16839 | D:13     | Noticed a seven-headed hydra
 16847 | D:13     | Killed a seven-headed hydra
 16855 | D:13     | Noticed a two-headed ogre
 16874 | D:13     | Killed a two-headed ogre
 17110 | D:13     | Noticed a deep elf knight
 17123 | D:13     | Killed a deep elf knight
 17124 | D:13     | Reached skill level 5 in Necromancy
 17177 | D:13     | Learned a level 2 spell: Blink
 17182 | D:13     | Learned a level 4 spell: Manifold Assault
 17352 | D:13     | Noticed a two-headed ogre
 17353 | D:13     | Noticed a five-headed hydra
 17356 | D:13     | Noticed a seven-headed hydra
 17367 | D:13     | Killed a five-headed hydra
 17368 | D:13     | Reached skill level 1 in Translocations
 17368 | D:13     | Gained mutation: Your thick and shaggy fur keeps you warm.
                  | (AC +3, rC+) [Felid growth]
 17368 | D:13     | Reached XP level 12. HP: 38/51 MP: 16/26
 17373 | D:13     | Killed a seven-headed hydra
 17374 | D:13     | Reached skill level 11 in Summonings
 17374 | D:13     | Reached skill level 1 in Transmutations
 17375 | D:13     | Killed a two-headed ogre
 17729 | D:13     | Killed a centaur warrior
 18193 | D:13     | Killed a two-headed ogre
 18397 | D:13     | Killed Nessos
 18402 | D:13     | Noticed a two-headed ogre
 18404 | D:13     | Noticed a centaur warrior
 18408 | D:13     | Killed a two-headed ogre
 18408 | D:13     | Killed a centaur warrior
 18439 | D:13     | Reached skill level 5 in Translocations
 18525 | D:13     | Noticed a centaur warrior
 18533 | D:13     | Killed a centaur warrior
 18698 | D:13     | Found a runed translucent gate.
 18699 | D:13     | Found a runed translucent gate.
 18700 | D:13     | Found a runed translucent gate.
 18701 | D:13     | Noticed groundbeetle's ghost (journeyman DsEE)
 18727 | D:13     | Noticed Sonja
 18742 | D:13     | Killed Sonja
 18971 | D:13     | Noticed a six-headed hydra
 18988 | D:13     | Killed a six-headed hydra
 18989 | D:13     | Reached XP level 13. HP: 34/55 MP: 23/27
 19065 | D:13     | Noticed Snorg
 19079 | D:13     | Killed Snorg
 19620 | D:14     | Reached skill level 10 in Spellcasting
 19883 | D:14     | Reached skill level 5 in Transmutations
 20303 | D:14     | You fall into a shaft and drop 1 floor!
 20303 | D:15     | Entered Level 15 of the Dungeon
 20304 | D:15     | Acquired 758 gold pieces
 20441 | D:15     | Found a gate leading to a gauntlet.
 20445 | Gauntlet | Entered a Gauntlet
 20445 | Gauntlet | Found a transporter.
 20454 | Gauntlet | Found a transporter.
 20469 | Gauntlet | Found a transporter.
 20471 | Gauntlet | Found a large runed translucent door.
 20472 | Gauntlet | Found a large runed translucent door.
 20473 | Gauntlet | Found a large runed translucent door.
 20473 | Gauntlet | Found a large runed translucent door.
 20473 | Gauntlet | Found a runed translucent door.
 20474 | Gauntlet | Found a transporter.
 20475 | Gauntlet | Found a runed translucent door.
 20476 | Gauntlet | Found a large runed translucent door.
 20476 | Gauntlet | Found a large runed translucent door.
 20477 | Gauntlet | Found a large runed translucent door.
 20478 | Gauntlet | Found a large runed translucent door.
 20484 | Gauntlet | Found a large runed translucent door.
 20484 | Gauntlet | Found a large runed translucent door.
 20485 | Gauntlet | Found a large runed translucent door.
 20485 | Gauntlet | Found a large runed translucent door.
 20486 | Gauntlet | Found a large runed translucent door.
 20486 | Gauntlet | Found a large runed translucent door.
 20487 | Gauntlet | Found a runed translucent gate.
 20487 | Gauntlet | Found a runed translucent gate.
 20487 | Gauntlet | Found a runed translucent gate.
 20489 | Gauntlet | Found a transporter.
 20499 | Gauntlet | Found a large runed translucent door.
 20500 | Gauntlet | Found a large runed translucent door.
 20508 | Gauntlet | Found a transporter.
 20520 | Gauntlet | Found a transporter.
 20523 | Gauntlet | Noticed a blizzard demon
 20525 | Gauntlet | Found a transporter.
 20527 | Gauntlet | Found a transporter.
 20548 | Gauntlet | Found the +8 mithril axe "Arga" {speed, Will+}
 20550 | Gauntlet | Found a transporter.
 20562 | Gauntlet | Found a transporter.
 20574 | Gauntlet | Found a transporter.
 20591 | Gauntlet | Found a transporter.
 20608 | Gauntlet | Found a transporter.
 20610 | Gauntlet | Found a transporter.
 20637 | Gauntlet | Found a transporter.
 20639 | Gauntlet | Found a transporter.
 20639 | Gauntlet | Found a transporter.
 20863 | Gauntlet | Learned a level 4 spell: Summon Ice Beast
 21278 | Gauntlet | Got Xeont's Folio of Bringing Forth and the Serac
 21297 | Gauntlet | Identified the +5 whip of Sossoeng {heavy, rN+ rCorr}
 21297 | Gauntlet | Noticed a minotaur
 21312 | Gauntlet | Killed a minotaur
 21313 | Gauntlet | Reached skill level 12 in Summonings
 21378 | Gauntlet | Identified the +0 ring mail "Qaqipid" {Dex+2}
 21728 | D:15     | Noticed a white very ugly thing
 21753 | D:15     | Killed a white very ugly thing
 21856 | D:15     | Noticed a purple very ugly thing
 21857 | D:15     | Noticed Agnes
 21870 | D:15     | Killed a white very ugly thing
 21871 | D:15     | Reached skill level 10 in Air Magic
 21887 | D:15     | Killed Agnes
 22001 | D:15     | Found a staircase to the Depths.
 22412 | D:15     | Reached XP level 14. HP: 60/60 MP: 21/29
 22654 | D:15     | Found a snail-covered altar of Cheibriados.
 22871 | D:15     | Found a blossoming altar of Fedhas.
 23089 | Lair:1   | Entered Level 1 of the Lair of Beasts
 23408 | Lair:1   | Found a transporter.
 23606 | Lair:1   | Found a transporter.
 23827 | Lair:1   | Noticed Vohupaw's ghost (journeyman DrAE)
 23930 | Lair:1   | Bought a book of Beasts for 722 gold pieces
 23936 | Lair:1   | Learned a level 5 spell: Summon Mana Viper
 23964 | Lair:2   | Noticed Amaemon
 23978 | Lair:2   | Killed Amaemon
 24011 | Lair:2   | Noticed Erica
 24028 | Lair:2   | Killed Erica
 24311 | Lair:2   | Found a staircase to the Swamp.
 24443 | Lair:2   | Reached skill level 10 in Dodging
 24516 | Lair:2   | Found a hole to the Spider Nest.
 25095 | Lair:2   | Bought a Fen Folio for 630 gold pieces
 26461 | Lair:4   | Found a viscous altar of Jiyva.
 26461 | Lair:4   | Found a staircase to the Slime Pits.
 27187 | Lair:4   | Reached skill level 10 in Translocations
 28025 | Lair:4   | Learned a level 5 spell: Summon Forest
 28036 | Lair:5   | Entered Level 5 of the Lair of Beasts
 28374 | Lair:5   | Reached skill level 13 in Summonings
 28544 | Lair:5   | Reached XP level 15. HP: 65/65 MP: 31/31
 29824 | Lair:5   | Identified the +1 ring mail of the Hippo {Will- Str+6}
 29929 | Lair:5   | Noticed Kirke
 29938 | Lair:5   | Killed Kirke
 30387 | Orc:1    | Entered Level 1 of the Orcish Mines
 30515 | Orc:1    | Found Siaph's Assorted Antiques.
 30526 | Orc:1    | Found Soelinn's General Store.
 30540 | Orc:1    | Noticed Fannar
 30554 | Orc:1    | Killed Fannar
 30650 | Orc:1    | Learned a level 7 spell: Storm Form
 30779 | Orc:1    | Found a dark tunnel.
 30922 | Orc:2    | Entered Level 2 of the Orcish Mines
 32598 | Orc:2    | Found a staircase to the Elven Halls.
 32712 | Orc:2    | Found Onkah's Assorted Antiques.
 32712 | Orc:2    | Found Vemoad's Weapon Shoppe.
 32714 | Orc:2    | Found Isuhip's General Store.
 32714 | Orc:2    | Found Huups's Book Shoppe.
 32720 | Orc:2    | Bought a potion of heal wounds for 100 gold pieces
 32798 | Orc:1    | Found Ysuruaj's Weapon Shoppe.
 32798 | Orc:1    | Found Cejoyssy's Weapon Shop.
 32798 | Orc:1    | Found Reilik's Weapon Shop.
 33111 | Swamp:1  | Entered Level 1 of the Swamp
 33782 | Swamp:1  | Noticed a fenstrider witch
 33797 | Swamp:1  | Killed a fenstrider witch
 34371 | Swamp:1  | Reached XP level 16. HP: 70/70 MP: 14/33
 34592 | Swamp:1  | Noticed Jorgrun
 34690 | Swamp:1  | Killed Jorgrun
 35059 | Swamp:2  | Noticed a tentacled monstrosity
 35072 | Swamp:2  | Killed a tentacled monstrosity
 35219 | Swamp:2  | Noticed a tentacled monstrosity
 35245 | Swamp:2  | Killed a tentacled monstrosity
 35246 | Swamp:2  | Reached skill level 10 in Transmutations
 36435 | Swamp:3  | Reached skill level 14 in Summonings
 37608 | Swamp:3  | Reached skill level 1 in Evocations
 39257 | Swamp:4  | Entered Level 4 of the Swamp
 39990 | Swamp:4  | Noticed the 27-headed Lernaean hydra
 39999 | Swamp:4  | Killed the 27-headed Lernaean hydra
 40520 | Swamp:4  | Got a decaying rune of Zot
 41127 | Lair:2   | Bought the ring "Fuddan" {MP+9 Int+6} for 435 gold pieces
 41248 | Spider:1 | Entered Level 1 of the Spider Nest
 41265 | Spider:1 | Reached XP level 17. HP: 62/75 MP: 22/34
 41275 | Spider:1 | Noticed KennySheep's ghost (adept AtBr)
 41281 | Spider:1 | Found a runed translucent gate.
 41283 | Spider:1 | Found a runed translucent gate.
 41283 | Spider:1 | Found a runed translucent gate.
 43113 | Spider:2 | Noticed Arachne
 43125 | Spider:2 | Killed Arachne
 43182 | Spider:2 | Noticed Azrael
 43205 | Spider:2 | Killed Azrael
 43415 | Spider:2 | Found a frozen archway.
 43429 | Spider:2 | Noticed Frances
 43444 | Spider:2 | Killed Frances
 44079 | Spider:2 | Got the Guide on the Hornet and the Zephyr
 44490 | Spider:3 | Noticed Louise
 44521 | Spider:3 | Killed Louise
 44522 | Spider:3 | Slain by a spark wasp
 44523 | Spider:3 | Reached XP level 16. HP: -1/72 MP: 9/42
 44777 | Spider:3 | Reached skill level 15 in Summonings
 44834 | Spider:3 | Reached skill level 15 in Translocations
 45787 | Spider:3 | Identified the ring of Yneuk {Str+6 SInv}
 45990 | Spider:4 | Entered Level 4 of the Spider Nest
 46245 | Spider:4 | Reached XP level 17. HP: 53/76 MP: 6/34
 47883 | Spider:4 | Found a runed translucent door.
 48179 | Spider:4 | Noticed cforsyth's ghost (adept KoBr)
 48463 | Spider:4 | Reached skill level 5 in Evocations
 48844 | Spider:4 | Got a gossamer rune of Zot
 48947 | Spider:4 | Killed cforsyth's ghost
 48948 | Spider:4 | Reached skill level 10 in Fighting
 48948 | Spider:4 | Reached skill level 10 in Unarmed Combat
 49089 | Spider:4 | Identified the +7 broad axe of Jebbonuh {drain, Dex+6}
 49353 | D:11     | Acquired Xycratzib's Tractate on Familiar Destruction
 49355 | D:11     | Upgraded the game from 0.30-a0-808-g6e0788376e to
                  | 0.30-a0-824-g6c64550be9
 49367 | D:11     | You paid a toll of 2 scrolls of acquirement to enter a
                  | treasure trove
 49368 | Trove    | Entered a treasure trove
 49389 | Trove    | Identified the amulet of Creativity {Acrobat rC+ Int+5}
 49404 | Trove    | Got the Vademecum on Cunning Elsewhere
 49409 | Trove    | Reached XP level 18. HP: 80/80 MP: 35/35
 49508 | Vaults:1 | Entered Level 1 of the Vaults
 49679 | Vaults:1 | Noticed Saint Roka
 49687 | Vaults:1 | Killed from afar by a war gargoyle
 49688 | Vaults:1 | Reached XP level 17. HP: -3/76 MP: 43/43
 49897 | Vaults:1 | Shot with a bolt by a yaktaur captain
 49898 | Vaults:1 | Reached XP level 16. HP: -9/73 MP: 9/42
 49941 | Vaults:1 | Learned a level 6 spell: Summon Cactus Giant
 50021 | Vaults:1 | Bought the ring "Mifel" {Wiz Contam Int+5} for 502 gold
                  | pieces
 50021 | Vaults:1 | Bought an amulet of magic regeneration for 360 gold pieces
 50178 | Vaults:1 | Killed Saint Roka
 50235 | Vaults:1 | Found Bama's Jewellery Emporium.
 50435 | Vaults:1 | Found a runed translucent gate.
 50435 | Vaults:1 | Found a runed translucent gate.
 50435 | Vaults:1 | Found an ancient bone altar of Kikubaaqudgha.
 50435 | Vaults:1 | Noticed Qecvurom's ghost (adept DrRe)
 50435 | Vaults:1 | Noticed Yhaurph's ghost (adept MiFi)
 50435 | Vaults:1 | Noticed a dread lich
 50436 | Vaults:1 | Found a runed translucent gate.
 50436 | Vaults:1 | Noticed Zeolishe's ghost (adept TeAE)
 50436 | Vaults:1 | Noticed a lich
 51208 | Vaults:1 | Found a transporter.
 51237 | Vaults:1 | Found a transporter.
 51778 | Vaults:2 | Reached XP level 17. HP: 58/77 MP: 20/34
 51784 | Vaults:2 | Reached skill level 16 in Summonings
 51958 | Vaults:2 | Found a flickering gateway to a bazaar.
 51994 | Bazaar   | Entered a bazaar
 52180 | Bazaar   | Found Fafeb's Armour Shoppe.
 52196 | Bazaar   | Found Xebuis's Antique Weapon Emporium.
 52212 | Bazaar   | Found Egogiomu's Magic Scroll Emporium.
 52248 | Bazaar   | Bought a scroll of magic mapping for 105 gold pieces
 52248 | Bazaar   | Bought a scroll of blinking for 105 gold pieces
 52703 | Vaults:2 | Found a staircase to the Crypt.
 53135 | Vaults:2 | Killed from afar by an ironbound frostheart

Illustrated notes

Levels and vault maps discovered:
D:1:      eino_arrival_water_star, layout_loops_ring, serial_shops, shop
D:2:      layout_basic, serial_forest, infiniplex_forest_lined_room_2,
          infiniplex_forest_clump_C, infiniplex_forest_end_2,
          infiniplex_forest_zigzag_1, infiniplex_forest_straight_4
D:3:      layout_basic, mainiacjoe_overflow_boulevard,
          nicolae_ashenzari_skybound, grunt_decor_fettered, hex_intersection,
          solitary_fountain, dk_vineyard_3
D:4:      minmay_bubble_buster, layout_basic,
          pdpol_temple_overflow_zin_treasury_gozag_greed
D:5:      layout_basic, grunt_qazlal_clouds, gup_ossuary_entry_pyramid,
          guppyfry_shop_venom, uniq_grinder
D:6:      layout_loops_ring, doesnt_xom_only_xom, tso_metal_star,
          mainiacjoe_overflow_catwalk, moated_statue
D:7:      layout_loops_ring, mainiacjoe_overflow_surrounded_room,
          minmay_temple_entry_statues_fountains
D:8:      layout_basic, kennysheep_ying_yang, enter_bailey_6, uniq_maggie,
          uniq_gastronok, uniq_pikel
D:9:      layout_layer_cave, jmf_multi_god_temple, serial_bayou_lake_a
D:10:     layout_irregular_city, kennysheep_little_box, dpeg_oklobed_lair,
          david_orc_2
D:11:     layout_stronghold, serial_shops, shop_coins,
          nicolae_trove_entry_crystal, uniq_urug, uniq_harold
D:12:     layout_roguey
D:13:     layout_roguey [special_room_orc], david_vaults_3,
          gammafunk_ghost_spectres, minmay_shattered_shrine, uniq_snorg,
          uniq_sonja
D:14:     layout_irregular_city, nicolae_cairo_tiling_large_dashed,
          minmay_starry_boxes
D:15:     gammafunk_enter_depths_forms, layout_basic, gauntlet_entry_generic,
          fedhas_altar_fruit_tree, kennysheep_slug_shrine, uniq_agnes
Temple:   hellmonk_temple_rainy
Lair:1:   layout_gridlike, nzn_ghost_randoct, cheibrodos_lair_reptile_den
Lair:2:   dpeg_oklob_gauntlet, layout_cave_shapes, swamp_mist,
          dummy_spider_entry, serial_bayou_shore_b, uniq_erica, uniq_amaemon
Lair:3:   layout_loops_ring
Lair:4:   layout_small_grid, slime_entry_1
Lair:5:   minmay_lair_end_frog_pond, layout_regular_city,
          chequers_serial_rivers_micro_b, nicolae_lair_liquid_snakes, uniq_kirke
Swamp:1:  layout_basic_swamp, nicolae_swamp_big_swirl, swamp_pool1,
          grunt_witch_cave, infiniplex_staircase_pool_2, uniq_jorgrun
Swamp:2:  layout_basic_swamp, evilmike_swamp_ruin_house_3, swamp_pool1
Swamp:3:  nicolae_swamp_flooded_prison, layout_basic_swamp,
          nicolae_swamp_little_tower, infiniplex_staircase_pool
Swamp:4:  swamp_old_school, layout_basic_swamp
Spider:1: layout_spider_delve, gammafunk_ghost_split
Spider:2: layout_spider_delve, portal_ice_cave_entry_pillars_three,
          hellmonk_test_site, uniq_azrael, uniq_arachne, uniq_frances
Spider:3: layout_spider_delve, uniq_louise
Spider:4: grunt_spider_rune_circles, gammafunk_ghost_grave
Orc:1:    layout_caves, nicolae_volcano_entry_batcave, serial_shops, shop,
          nicolae_diamond_shop, nicolae_shop_competitors_out_of_business, shop,
          shop, uniq_fannar
Orc:2:    grunt_orc_tribal_feast, layout_diamond_mine
Vaults:1: gammafunk_ghost_crypt, nicolae_vaults_three_branches,
          vaults_mumra_hexcomb, gammafunk_the_bubble
          [the_bubble_gammafunk_split], v_misc_15, vaults_room_grid,
          vaults_dpeg_hooks, ontoclasm_vaults_chip, hangedman_vaults_slice,
          nicolae_vaults_network_quinsquares
          [nicolae_vaults_network_quincunx_subvault,
          nicolae_vaults_network_quincunx_subvault,
          nicolae_vaults_network_quincunx_subvault,
          nicolae_vaults_network_quincunx_subvault],
          vaults_room_grunt_arrival_checkpoint, nicolae_vaults_rhombus_5,
          layout_vaults_omnibox, serial_shops, nicolae_shop_behind_doors,
          uniq_saint_roka
Vaults:2: st_smaller_cells, vaults_room_octagon,
          nicolae_vaults_little_squares_1, nicolae_vaults_little_squares_3,
          v_pattern_4, v_misc_19, v_misc_25, vaults_room_grid,
          vaults_room_semicircle, layout_vaults_quadrants,
          minmay_crypt_entry_simple_statues, serial_shops, freezing_bzr,
          uniq_margery, uniq_xtahua

Skill      XL: |  1  2  3  4  5  6  7  8  9 10 11 12 13 14 15 16 17 |
---------------+----------------------------------------------------+-----
Summonings     | 5 6 7 8 10 11 12 13 15 16 | 16.0
Hexes          | 1 2 3 5 |  5.0
Spellcasting   | 3 4 5 6 8 9 10 11 12 | 12.4
Air Magic      | 1 2 3 4 6 7 8 9 10 11 14 | 14.4
Dodging        | 3 5 7 8 9 10 11 13 14 | 14.0
Unarmed Combat | 1 3 4 5 6 7 8 9 10 | 10.4
Fighting       | 1 3 4 5 6 7 8 9 10 | 10.5
Necromancy     | 3 5 |  5.1
Translocations | 1 5 8 10 12 15 14 | 15.0
Transmutations | 4 6 8 9 12 13 | 13.9
Evocations     | 4 6 |  6.0
Stealth        | |  2.6

Action                     |  1- 3 |  4- 6 |  7- 9 | 10-12 | 13-15 | 16-18 || total
---------------------------+-------+-------+-------+-------+-------+-------++-------
  Melee: Unarmed           |    14 |    36 |    50 |    14 |   154 |   574 ||   842
         Bite              |     3 |     3 |    15 |       |    13 |     1 ||    35
         Punch             |       |       |       |       |    10 |    50 ||    60
   Cast: Summon Small Mamm |    39 |    16 |       |       |       |       ||    55
         Call Imp          |     9 |    12 |    10 |     9 |     8 |       ||    48
         Call Canine Famil |     7 |    27 |    44 |    57 |    77 |    86 ||   298
         Summon Guardian G |       |     8 |    40 |    83 |   108 |   106 ||   345
         Summon Lightning  |       |       |    44 |   110 |   141 |   161 ||   456
         Manifold Assault  |       |       |       |     5 |    23 |    44 ||    72
         Blink             |       |       |       |     3 |     8 |     8 ||    19
         Summon Ice Beast  |       |       |       |       |    77 |    84 ||   161
         Summon Mana Viper |       |       |       |       |    63 |   111 ||   174
         Summon Forest     |       |       |       |       |     8 |    25 ||    33
         Storm Form        |       |       |       |       |    13 |   127 ||   140
         Summon Cactus Gia |       |       |       |       |       |    21 ||    21
 Invoke: Call Merchant     |       |       |       |       |     4 |     3 ||     7
Ability: Blinkbolt         |       |       |       |       |     1 |    26 ||    27
  Evoke: Wand              |       |     6 |     3 |    10 |    14 |    10 ||    43
         Tin of tremorston |       |       |       |       |     1 |     2 ||     3
    Use: Potion            |       |     1 |     5 |     3 |     2 |    13 ||    24
         Scroll            |       |     7 |    13 |     9 |     4 |     5 ||    38
   Stab: Invisible         |       |     1 |     3 |       |       |     5 ||     9
         Distracted        |       |       |     2 |     1 |     6 |    13 ||    22
         Sleeping          |       |       |       |       |     1 |     2 ||     3
         Paralysed         |       |       |       |       |       |     3 ||     3
 Armour: Skin              |     4 |     1 |    15 |     5 |    36 |   143 ||   204
  Dodge: Dodged            |    15 |    41 |    87 |    97 |   228 |   950 ||  1418

Table legend: (Time is in decaauts)
 A = Elapsed time spent in this place.
 B = Non-inter-level travel time spent in this place.
 C = Inter-level travel time spent in this place.
 D = Time resting spent in this place.
 E = Time spent auto-exploring this place.
 F = Levels seen in this place.
 G = Mean time per level.
                   A        B        C        D        E       F      G
               +--------+--------+--------+--------+--------+-----+--------+
         Total |  49061 |  47309 |   1752 |   1741 |  35452 |  38 | 1291.1 |
       Dungeon |  17525 |  16451 |   1074 |    241 |  12777 |  15 | 1168.3 |
        Temple |     19 |     19 |      0 |      0 |      7 |   1 |   19.0 |
          Lair |   6676 |   6358 |    318 |     27 |   5161 |   5 | 1335.2 |
         Swamp |   7812 |   7604 |    208 |    257 |   6070 |   4 | 1953.0 |
   Spider Nest |   7563 |   7500 |     63 |    500 |   5369 |   4 | 1890.8 |
  Orcish Mines |   2431 |   2345 |     86 |      0 |   1876 |   2 | 1215.5 |
        Vaults |   3226 |   3226 |      0 |    624 |   1736 |   2 | 1613.0 |
        Bazaar |    250 |    250 |      0 |      0 |    220 |   1 |  250.0 |
         Trove |     50 |     50 |      0 |      0 |      0 |   1 |   50.0 |
       Ossuary |    973 |    973 |      0 |      0 |    601 |   1 |  973.0 |
        Bailey |   1676 |   1676 |      0 |     92 |   1128 |   1 | 1676.0 |
      Gauntlet |    856 |    856 |      0 |      0 |    503 |   1 |  856.0 |
               +--------+--------+--------+--------+--------+-----+--------+

Top non-repeatable levels by time:
 Swamp:3: 2779 daAuts
Spider:4: 2720 daAuts
    D:13: 2549 daAuts
  Lair:5: 2089 daAuts
Vaults:1: 1988 daAuts
 Swamp:1: 1786 daAuts
Spider:3: 1767 daAuts
 Swamp:4: 1758 daAuts
     D:9: 1687 daAuts
  Bailey: 1676 daAuts
   Orc:2: 1674 daAuts
Spider:1: 1594 daAuts
    D:15: 1555 daAuts
 Swamp:2: 1488 daAuts
Spider:2: 1482 daAuts
